[Event "Titled Tuesday Blitz February 21 Early 2023"]
[White "Kukhmazov, Arsen"]
[Black "Yilmaz, Mustafa"]
[WhiteFideId "24108260"]
[BlackFideId "6302718"]
[WhiteElo "2512"]
[BlackElo "2641"]
[Result "0-1"]
[Round "11"]
[TimeControl "180+2"]
[Date "2023.02.21"]
[WhiteClock "0:00:05"]
[BlackClock "0:00:18"]

1. d4 Nf6 2. c4 e6 3. Nf3 c5 4. d5 d6 5. Nc3 exd5 6. cxd5 g6 7. Bf4 Bg7 8. Qa4+ Bd7 9. Qb3 b5 10. Bxd6 Qb6 11. Be5 O-O 12. e3 c4 13. Qd1 b4 14. Nb1 Bb5 15. Be2 Nbd7 16. Bd4 Qd6 17. a4 Ba6 18. Nbd2 Rfc8 19. Rc1 c3 20. bxc3 Bxe2 21. Qxe2 bxc3 22. Rxc3 Rxc3 23. Bxc3 Rc8 24. Qd3 Qa3 25. Nb1 Qc1+ 26. Qd1 Rxc3 27. Nxc3 Qxc3+ 28. Kf1 Qc4+ 29. Kg1 Nxd5 30. g3 Nc5 31. Kg2 Nxa4 32. Nd2 Qa2 33. Qc1 Nac3 34. Re1 Nb4 35. Nb1 Nd3 36. Nxc3 Qc4 37. Qd2 Nxe1+ 38. Qxe1 Bxc3 39. Qd1 Qc6+ 40. Kg1 a5 0-1


[Site "https://www.chess.com"]

[Event "Titled Tuesday Blitz February 21 Early 2023"]
[White "Vokhidov, Shamsiddin"]
[Black "Ahmadzada, Ahmad"]
[WhiteFideId "14204223"]
[BlackFideId "13413007"]
[WhiteElo "2586"]
[BlackElo "2488"]
[Result "1/2-1/2"]
[Round "11"]
[TimeControl "180+2"]
[Date "2023.02.21"]
[WhiteClock "0:00:43"]
[BlackClock "0:00:03"]

1. e4 c5 2. Nf3 e6 3. Nc3 a6 4. d4 cxd4 5. Nxd4 d6 6. g4 b5 7. a3 Bb7 8. g5 Ne7 9. h4 Nbc6 10. Be3 Rc8 11. Be2 d5 12. exd5 Nxd4 13. Qxd4 Nxd5 14. Bf3 Nxe3 15. Qxe3 Bc5 16. Qe2 Bxf3 17. Qxf3 Qd4 18. Rd1 Qe5+ 19. Qe4 Qc7 20. Ne2 Qc6 21. Qxc6+ Rxc6 22. c3 Ke7 23. Rh3 Rd6 24. Rxd6 Bxd6 25. Nd4 Rc8 26. Ke2 Rc5 27. Rd3 Re5+ 28. Kf3 Rc5 29. Kg4 Rc4 30. f4 g6 31. Kf3 e5 32. Re3 f6 33. fxe5 Bxe5 34. Ke2 Kf7 35. Nf3 Bf4 36. Rd3 Re4+ 37. Kf2 Bc1 38. b4 Bxa3 39. Rd7+ Re7 40. Rd6 Re6 41. Rd7+ Re7 42. Rd6 Re6 43. Rd7+ Re7 1/2-1/2


[Site "https://www.chess.com"]

[Event "Titled Tuesday Blitz February 21 Early 2023"]
[White "Timofeev, Artyom"]
[Black "Kilic, Eray"]
[WhiteFideId "4140419"]
[BlackFideId "44517173"]
[WhiteElo "2567"]
[BlackElo "2414"]
[Result "1-0"]
[Round "11"]
[TimeControl "180+2"]
[Date "2023.02.21"]
[WhiteClock "0:00:43"]
[BlackClock "0:00:17"]

1. e4 c5 2. Nf3 d6 3. d4 cxd4 4. Nxd4 Nf6 5. Nc3 a6 6. Be3 e5 7. Nf3 Qc7 8. Bg5 Nbd7 9. Bd3 Be7 10. O-O h6 11. Bxf6 Nxf6 12. Qe2 O-O 13. Bc4 b5 14. Bb3 Bb7 15. Rfd1 Rac8 16. a3 Bc6 17. Rd2 a5 18. Rc1 Qb7 19. Nd5 Nxd5 20. Bxd5 b4 21. axb4 axb4 22. g3 Rc7 23. h4 Bxd5 24. Rxd5 f5 25. Rcd1 fxe4 26. Qxe4 Rxc2 27. Qxc2 Rxf3 28. Qe4 Rf7 29. Rxe5 Qa7 30. Rf5 Bf6 31. b3 Be5 32. Qd5 g6 33. Rxf7 Qxf7 34. Kg2 g5 35. h5 Kg7 36. Qxf7+ Kxf7 37. Kf3 Ke6 38. Ke4 Bc3 39. f4 gxf4 40. gxf4 Bf6 41. f5+ Ke7 42. Rg1 Bg5 43. Rg4 Kf6 44. Kd5 Bd2 45. Rg2 Be3 46. Ke4 Bg5 47. Rf2 Bh4 48. Rf1 Kf7 49. Kd5 Bg3 50. Kc4 1-0


[Site "https://www.chess.com"]

[Event "Titled Tuesday Blitz February 21 Early 2023"]
[White "Fernandez Guillen, Ernesto J."]
[Black "Chigaev, Maksim"]
[WhiteFideId "3512428"]
[BlackFideId "4108116"]
[WhiteElo "2477"]
[BlackElo "2628"]
[Result "0-1"]
[Round "11"]
[TimeControl "180+2"]
[Date "2023.02.21"]
[WhiteClock "0:00:02"]
[BlackClock "0:00:12"]

1. e4 c6 2. d4 d5 3. e5 Bf5 4. c3 e6 5. Bd3 Bxd3 6. Qxd3 c5 7. Ne2 Nc6 8. O-O Nge7 9. Nd2 Nf5 10. g4 Nfe7 11. f4 h5 12. f5 hxg4 13. fxe6 fxe6 14. Nf4 Qd7 15. Ng6 Rg8 16. Rf4 O-O-O 17. Rxg4 Nxg6 18. Qxg6 Ne7 19. Qf7 Rh8 20. Nf3 Nf5 21. Qg6 Be7 22. Bf4 Rdf8 23. Rf1 Kb8 24. Rg2 cxd4 25. cxd4 Bd8 26. Bd2 Bb6 27. Rg4 a5 28. Rf2 Qb5 29. Qxe6 Ka7 30. a4 Qxb2 31. Qxd5 Nxd4 32. Rxd4 Rxf3 33. Rxf3 Qxd2 34. Qxa5+ Qxa5 0-1


[Site "https://www.chess.com"]

[Event "Titled Tuesday Blitz February 21 Early 2023"]
[White "Livaic, Leon"]
[Black "Fier, Alexandr"]
[WhiteFideId "14531534"]
[BlackFideId "2107139"]
[WhiteElo "2579"]
[BlackElo "2589"]
[Result "1-0"]
[Round "11"]
[TimeControl "180+2"]
[Date "2023.02.21"]
[WhiteClock "0:00:56"]
[BlackClock "0:01:54"]

1. e4 c5 2. Nf3 Nf6 3. d3 Nc6 4. Nbd2 d5 5. g3 g6 6. Bg2 Bg7 7. O-O O-O 8. exd5 Nxd5 9. Re1 e5 10. Nc4 f6 11. c3 Bf5 12. Nh4 Be6 13. a4 Bf7 14. a5 Qd7 15. Qa4 Rad8 16. Qb5 Qe7 17. a6 Rb8 18. axb7 Qxb7 19. Qxb7 Rxb7 20. Nd6 Rd7 21. Nxf7 Kxf7 22. f4 Rfd8 23. Nf3 exf4 24. gxf4 Nde7 25. Be3 Rxd3 26. Bxc5 Nd5 27. f5 gxf5 28. Ra6 Ne5 29. Rxa7+ Kg8 30. Nh4 Nf4 31. Nxf5 Bf8 32. Bxf8 Rxf8 33. Be4 Nf3+ 34. Bxf3 Rxf3 35. Nh6+ Kh8 36. Ree7 Nh3+ 37. Kg2 Ng5 38. h4 1-0


[Site "https://www.chess.com"]

[Event "Titled Tuesday Blitz February 21 Early 2023"]
[White "Talibov, Shiroghlan"]
[Black "Sanal, Vahap"]
[WhiteFideId "13429078"]
[BlackFideId "6300545"]
[WhiteElo "2359"]
[BlackElo "2600"]
[Result "1/2-1/2"]
[Round "11"]
[TimeControl "180+2"]
[Date "2023.02.21"]
[WhiteClock "0:00:07"]
[BlackClock "0:00:05"]

1. e4 e5 2. Nf3 Nc6 3. Bb5 a6 4. Ba4 Nf6 5. O-O Nxe4 6. Re1 Nc5 7. Bxc6 dxc6 8. Nxe5 Be7 9. d4 Ne6 10. c3 O-O 11. Qf3 Qd5 12. Nd2 Qxf3 13. Ndxf3 Re8 14. Bd2 f6 15. Nd3 Kf7 16. h3 Rd8 17. Re2 c5 18. Rae1 Bf8 19. Be3 cxd4 20. Nxd4 Nxd4 21. Bxd4 b6 22. Nf4 c5 23. Be3 Ra7 24. f3 Rad7 25. g4 Rd1 26. Kf2 Rxe1 27. Kxe1 b5 28. Rd2 Rxd2 29. Kxd2 Bb7 30. Ke2 c4 31. a3 Bd6 32. Kf2 a5 33. Ne2 b4 34. axb4 axb4 35. cxb4 Bxb4 36. Nc3 Ke6 37. f4 f5 38. g5 Bc6 39. Bd4 Kf7 40. h4 Kg6 41. Kg3 h6 42. Kh3 Bf3 43. Kg3 Bg4 44. Nd5 Be1+ 45. Bf2 Bd2 46. Be3 Be1+ 47. Bf2 Ba5 48. Bb6 Bd2 49. Be3 Bxe3 50. Nxe3 Be2 51. Nd5 Bd3 52. Nb4 Be4 53. Na6 Kf7 54. Nc5 Bc2 55. Nd7 Ke6 56. Ne5 Kd5 57. gxh6 gxh6 58. h5 Bd1 59. Kh4 Ke4 60. Nf7 Kxf4 61. Nxh6 Ke4 62. Nf7 Bxh5 63. Nd6+ Kd5 64. Nxf5 Be2 65. Ne3+ Kd4 66. Nxc4 Kxc4 67. b3+ Kxb3 1/2-1/2


[Site "https://www.chess.com"]

[Event "Titled Tuesday Blitz February 21 Early 2023"]
[White "Bernadskiy, Vitaliy"]
[Black "Iskusnyh, Sergei"]
[WhiteFideId "14100371"]
[BlackFideId "4120027"]
[WhiteElo "2592"]
[BlackElo "2440"]
[Result "0-1"]
[Round "11"]
[TimeControl "180+2"]
[Date "2023.02.21"]
[WhiteClock "0:00:01"]
[BlackClock "0:00:11"]

1. e4 e6 2. b3 d5 3. Bb2 a6 4. d4 Nf6 5. e5 Nfd7 6. Nf3 c5 7. c4 cxd4 8. cxd5 Bb4+ 9. Nbd2 exd5 10. Bd3 Nc6 11. O-O O-O 12. Re1 Nc5 13. Bb1 Bg4 14. a3 Bxd2 15. Qxd2 Bxf3 16. gxf3 Qh4 17. Qc2 Ne6 18. Qf5 Nf4 19. Bc1 Nh3+ 20. Kg2 Qxf2+ 21. Kxh3 g6 22. Qf6 Qxe1 23. Bf4 Qf1+ 24. Kg3 Qg1+ 25. Kh4 Qf2+ 26. Bg3 Qb2 27. Kg5 Qd2+ 28. f4 Qe2 29. f5 Qh5+ 30. Kf4 Rae8 31. Qh4 Qxh4+ 32. Bxh4 Rxe5 33. Bf6 Re2 34. Bd3 Rf2+ 35. Kg3 Rd2 36. Bf1 Re8 37. Bg5 Re3+ 38. Bxe3 dxe3 39. Kf3 d4 40. Ke4 Kg7 0-1


[Site "https://www.chess.com"]

[Event "Titled Tuesday Blitz February 21 Early 2023"]
[White "Shapiro, Viktor"]
[Black "Molina, Roberto Junio Brito"]
[WhiteFideId "4175700"]
[BlackFideId "2109450"]
[WhiteElo "2192"]
[BlackElo "2403"]
[Result "1/2-1/2"]
[Round "11"]
[TimeControl "180+2"]
[Date "2023.02.21"]
[WhiteClock "0:01:02"]
[BlackClock "0:00:13"]

1. c4 c6 2. Nc3 d5 3. d4 Nf6 4. Nf3 dxc4 5. a4 Bf5 6. e3 Nbd7 7. Bxc4 e6 8. O-O Bb4 9. Ne2 h6 10. b3 O-O 11. Bb2 Qe7 12. Ng3 Bh7 13. Qe2 Ne4 14. Rfd1 Nc3 15. Bxc3 Bxc3 16. Rac1 Bb4 17. e4 Rad8 18. h3 Rfe8 19. Qe3 a5 20. Nh5 Nb6 21. Be2 Nc8 22. Qf4 Bg6 23. Qg4 Bxh5 24. Qxh5 Nd6 25. Bd3 Nc8 26. Qg4 Bd6 27. e5 Ba3 28. Rc2 f5 29. exf6 Qxf6 30. Re2 Bb4 31. Bc4 Rd6 32. Rd3 Nb6 33. Rde3 Nxc4 34. bxc4 Re7 35. c5 Rd5 36. Rxe6 Rxe6 37. Rxe6 Qf5 38. Qxf5 Rxf5 39. Re8+ Rf8 40. Rxf8+ Kxf8 41. Kf1 Ba3 42. Ke2 Bc1 43. Kd3 Bf4 44. Ke4 Bc7 45. d5 cxd5+ 46. Kxd5 Ke7 47. Nd4 Kf6 48. Ne6 Bh2 49. Nd8 Bg1 50. f3 b6 51. c6 Ke7 52. Ne6 g6 53. Nf4 g5 54. Nd3 Kd8 55. Ne5 Kc7 56. g4 Bh2 57. Nf7 b5 58. axb5 a4 59. Kc4 Kb6 60. Nxh6 a3 61. Kb3 Kxb5 62. Kxa3 Kxc6 63. Kb3 Kd5 64. Kc3 Ke5 65. Kd3 Kf4 66. Ke2 Kg3 67. Nf7 Kh4 68. Kf2 Kxh3 69. Nxg5+ Kh4 70. Ne4 Bf4 71. Kg2 Be5 72. Nf2 Bf4 73. Nd3 Be3 74. Ne5 Kg5 75. Nc4 Ba7 76. Nd2 Kf4 77. Ne4 Bb8 78. Kf2 Ba7+ 79. Ke2 Bb8 80. Nc3 Bd6 81. Nb5 Be5 82. Na3 Bd6 83. Nc4 Bc7 84. Ne3 Bd6 85. Nd5+ Ke5 86. Nb6 Kf4 87. Nc8 Bc5 88. g5 Kxg5 89. Kd3 Kf4 90. Ke2 Ke5 91. Kd3 Ke6 92. Ke4 Kf6 93. f4 Ke6 94. f5+ Kf6 95. Kf4 Kf7 96. Kg5 Be3+ 97. Kg4 Bc5 98. Kf4 Kf6 99. Ke4 Kf7 100. Ke5 Kg7 101. Ke6 Kf8 102. f6 Ke8 103. f7+ Kf8 104. Kf6 Bd4+ 105. Kg6 Bc5 106. Kf6 Bd4+ 107. Ke6 Bc5 108. Kf6 1/2-1/2


[Site "https://www.chess.com"]

[Event "Titled Tuesday Blitz February 21 Early 2023"]
[White "Pranav, V"]
[Black "Potapova, Margarita"]
[WhiteFideId "25060783"]
[BlackFideId "14126869"]
[WhiteElo "2597"]
[BlackElo "2104"]
[Result "1/2-1/2"]
[Round "11"]
[TimeControl "180+2"]
[Date "2023.02.21"]
[WhiteClock "0:00:12"]
[BlackClock "0:00:16"]

1. Nf3 Nf6 2. g3 b6 3. Bg2 Bb7 4. d3 g6 5. O-O Bg7 6. e4 d6 7. Re1 O-O 8. Nc3 c5 9. Bg5 Nbd7 10. Qd2 Ne5 11. Bh6 Nxf3+ 12. Bxf3 e5 13. h4 Qe7 14. Kg2 Ne8 15. Rh1 f5 16. Bg5 Qf7 17. h5 fxe4 18. Bxe4 d5 19. hxg6 hxg6 20. Rh4 dxe4 21. dxe4 Qf3+ 22. Kg1 Nf6 23. Bxf6 Rxf6 24. Rf1 Raf8 25. Qd7 R6f7 26. Qe6 Qf6 27. Qc4 g5 28. Rh2 a6 29. a4 Rd8 30. Qe2 Qf3 31. Qc4 Qf6 32. Qe2 Rd4 33. Qg4 Rd8 34. Rh5 Bc8 35. Qxg5 Qxg5 36. Rxg5 Bb7 37. Rg6 Rf6 38. Rxf6 Bxf6 39. Kg2 Rd4 40. Re1 b5 41. axb5 axb5 42. Kf3 b4 43. Na4 Be7 44. b3 Rd2 45. Rc1 Rd4 46. Re1 Rd2 47. Rc1 Rd4 48. Re1 1/2-1/2


[Site "https://www.chess.com"]

[Event "Titled Tuesday Blitz February 21 Early 2023"]
[White "Navara, David"]
[Black "Hasangatin, Ramil"]
[WhiteFideId "309095"]
[BlackFideId "4122160"]
[WhiteElo "2678"]
[BlackElo "2457"]
[Result "1-0"]
[Round "11"]
[TimeControl "180+2"]
[Date "2023.02.21"]
[WhiteClock "0:01:01"]
[BlackClock "0:01:08"]

1. d4 d6 2. e4 Nf6 3. Nc3 e5 4. Nf3 Nbd7 5. Bc4 Be7 6. a4 O-O 7. O-O c6 8. Re1 exd4 9. Nxd4 Ne5 10. Ba2 Re8 11. h3 Bd7 12. Be3 Bf8 13. f4 Ng6 14. Qd3 Qa5 15. Nf3 Rad8 16. Ng5 d5 17. exd5 cxd5 18. Nxd5 Be6 19. Nxe6 fxe6 20. Nxf6+ gxf6 21. Qe4 Bc5 22. f5 Ne5 23. fxe6 Kg7 24. Kh1 Bxe3 25. Rxe3 Rd2 26. Rg3+ Ng6 27. Qxb7+ Kh8 28. Qf7 Rf8 29. Rxg6 Rxf7 30. exf7 Rd8 31. Rg8+ Rxg8 32. fxg8=Q# 1-0


[Site "https://www.chess.com"]

[Event "Titled Tuesday Blitz February 21 Early 2023"]
[White "Vakhlamov, Igor L."]
[Black "Shuvalova, Polina"]
[WhiteFideId "24126748"]
[BlackFideId "24171760"]
[WhiteElo "2413"]
[BlackElo "2484"]
[Result "0-1"]
[Round "11"]
[TimeControl "180+2"]
[Date "2023.02.21"]
[WhiteClock "0:00:01"]
[BlackClock "0:00:05"]

1. e4 c6 2. Nc3 d5 3. Nf3 Bg4 4. h3 Bxf3 5. Qxf3 e6 6. d4 dxe4 7. Nxe4 Qxd4 8. c3 Qb6 9. Bd3 Nd7 10. Bf4 c5 11. O-O Be7 12. Qg3 Ngf6 13. Rad1 O-O 14. Bh6 Nh5 15. Qg4 f5 16. Qxh5 fxe4 17. Qg4 Rf7 18. Bc2 Kh8 19. Be3 Nf6 20. Qe2 Qxb2 21. Rb1 Qxc3 22. Rxb7 Raf8 23. Rxa7 Nd5 24. Rd1 Nxe3 25. fxe3 Rf2 26. Qg4 Qxc2 27. Rdd7 Rf1+ 28. Kh2 Bf6 29. Rxg7 Rh1+ 30. Kxh1 Qc1+ 31. Kh2 Be5+ 32. Qg3 Bxg3+ 33. Kxg3 Qxe3+ 34. Kh2 Qf4+ 35. Kh1 Qf1+ 36. Kh2 Qf4+ 37. Kh1 Qf5 38. Rgc7 e3 0-1


[Site "https://www.chess.com"]

[Event "Titled Tuesday Blitz February 21 Early 2023"]
[White "Ivic, Velimir"]
[Black "Fiorito, Joaquin"]
[WhiteFideId "950122"]
[BlackFideId "180173"]
[WhiteElo "2595"]
[BlackElo "2405"]
[Result "1-0"]
[Round "11"]
[TimeControl "180+2"]
[Date "2023.02.21"]
[WhiteClock "0:01:30"]
[BlackClock "0:00:07"]

1. c4 e6 2. Nf3 Nf6 3. g3 d5 4. Bg2 dxc4 5. Qa4+ Nbd7 6. O-O a6 7. Qxc4 b5 8. Qc2 Bb7 9. d3 Bd6 10. e4 O-O 11. Re1 Be7 12. a4 c5 13. Nc3 Qb6 14. h3 Rac8 15. Be3 Rfd8 16. Qb3 b4 17. Nb1 a5 18. Nbd2 Ba6 19. Nc4 Bxc4 20. Qxc4 Qc6 21. b3 Nb6 22. Qc2 Nfd7 23. Rac1 Qc7 24. Qe2 Qb7 25. d4 cxd4 26. Nxd4 Nc5 27. Qb5 g6 28. e5 Nd5 29. Rxc5 Qxb5 30. Rxb5 Nc3 31. Rb7 Bc5 32. Nc6 1-0


[Site "https://www.chess.com"]

[Event "Titled Tuesday Blitz February 21 Early 2023"]
[White "Spata, German"]
[Black "Stribuk, Artiom"]
[WhiteFideId "113026"]
[BlackFideId "13515659"]
[WhiteElo "2383"]
[BlackElo "2378"]
[Result "1/2-1/2"]
[Round "11"]
[TimeControl "180+2"]
[Date "2023.02.21"]
[WhiteClock "0:00:20"]
[BlackClock "0:00:05"]

1. Nf3 Nf6 2. b3 g6 3. Bb2 Bg7 4. g3 O-O 5. Bg2 d5 6. c4 c6 7. O-O Nbd7 8. d4 Ne4 9. e3 a5 10. Nc3 Ndf6 11. Nd2 Nxc3 12. Bxc3 a4 13. bxa4 Bf5 14. Qb3 Bd3 15. Rfc1 Qd7 16. Bb4 Be2 17. Re1 Bg4 18. Rab1 Bf5 19. Rb2 Bh3 20. Bc3 Rfb8 21. Reb1 Bf5 22. Rc1 Bh3 23. Nf3 Bxg2 24. Kxg2 Ne4 25. Be1 e6 26. Rcb1 Nd6 27. Nd2 h5 28. h4 Ra6 29. Qc2 Ra7 30. c5 Nf5 31. Nf3 Rba8 32. a5 Bf6 33. Rb3 Bd8 34. Qb2 Bxa5 35. Bxa5 Rxa5 36. Rxb7 Qe8 37. Rb8 Rxb8 38. Qxb8 Qxb8 39. Rxb8+ Kg7 40. Rb2 Ne7 41. Ne5 f6 42. Rb7 fxe5 43. Rxe7+ Kf6 44. Rc7 exd4 45. exd4 Rxa2 46. Kf3 Ra6 47. Ke3 e5 48. dxe5+ Kxe5 49. Re7+ Kf5 50. Rf7+ Ke6 51. Rg7 Ra3+ 52. Kf4 Ra4+ 53. Ke3 Ra3+ 54. Kf4 Kf6 55. Rc7 Ra4+ 56. Ke3 Ra6 57. Kf4 Ra4+ 58. Ke3 Re4+ 59. Kf3 Re6 60. Kf4 Re4+ 61. Kf3 Re6 62. Kf4 Re4+ 63. Kf3 1/2-1/2


[Site "https://www.chess.com"]

[Event "Titled Tuesday Blitz February 21 Early 2023"]
[White "Yuan, Qingyu"]
[Black "Averjanov, Alexey"]
[WhiteFideId "8609772"]
[BlackFideId "14109867"]
[WhiteElo "2373"]
[BlackElo "2399"]
[Result "0-1"]
[Round "11"]
[TimeControl "180+2"]
[Date "2023.02.21"]
[WhiteClock "0:00:03"]
[BlackClock "0:00:03"]

1. e4 c6 2. d4 d5 3. exd5 cxd5 4. Bd3 Nc6 5. c3 Qc7 6. h3 g6 7. Nf3 Bf5 8. O-O Bxd3 9. Qxd3 Nf6 10. Re1 Bg7 11. Be3 O-O 12. Nbd2 Rfe8 13. g3 Rad8 14. Bf4 Qc8 15. Kg2 e6 16. Bg5 h6 17. Bf4 Kh7 18. h4 a6 19. Nb3 b6 20. Rh1 Ne4 21. h5 g5 22. Bxg5 hxg5 23. Nxg5+ Kg8 24. Nxe4 dxe4 25. Qxe4 Bh6 26. Rae1 Rd5 27. Rh4 Kh8 28. c4 Rg5 29. d5 Re5 30. Qf3 Rxe1 31. Rg4 Rg8 32. Qf6+ Kh7 33. Qxf7+ Rg7 34. Rxg7+ Bxg7 35. Qg6+ Kh8 36. h6 Bf8 37. Nd2 Re5 38. Nf3 Rf5 39. Nh4 Ne7 40. Qg4 Rf7 41. dxe6 Rf6 42. h7 Qxe6 43. Qd4 Bg7 44. Qd3 Qc6+ 45. Kg1 Qd6 46. Qe2 Re6 47. Qh5 Qc6 48. Kh2 Re1 49. Nf3 Re6 50. Kg1 Rh6 51. Qf7 Qf6 52. Qe8+ Kxh7 53. Nh4 Rxh4 54. gxh4 Qxh4 55. b3 Qg5+ 56. Kf1 Qf6 57. Qh5+ Bh6 58. c5 bxc5 59. Qxc5 Ng6 60. Qa7+ Bg7 61. b4 Ne5 62. Qb7 Kh8 63. Qa8+ Bf8 64. Qh1+ Kg8 65. Qd5+ Nf7 66. b5 axb5 67. Qxb5 Bd6 68. Qe8+ Kg7 69. Qe4 Bc5 70. Qg4+ Ng5 71. Qg3 Kf7 72. Kg2 Qc6+ 73. Kf1 Be7 74. Qf4+ Qf6 75. Qc4+ Qe6 76. Qd3 Qf6 77. Qc4+ Ne6 78. Qg4 Bc5 79. Qg3 Qa1+ 80. Kg2 Qxa2 81. Qf3+ Ke7 82. Qb7+ Kd6 83. Qb8+ Nc7 84. Qd8+ Kc6 85. Qf6+ Kb7 86. Kg3 Qb3+ 87. f3 Qd5 88. Kg2 Bd6 89. Qb2+ Kc6 90. Qc3+ Qc5 91. Qd3 Nd5 92. Qe4 Qc3 93. Qe8+ Kc5 94. Qc8+ Nc7 95. Qf5+ Be5 96. Qe4 Qd2+ 97. Kh3 Qh2+ 98. Kg4 Qg3+ 99. Kf5 Kd6 100. Qd3+ Ke7 101. Qe4 Kd6 102. Qd3+ Nd5 103. Qa6+ Kc5 104. Qa5+ Kc4 105. Qa6+ Kc5 106. Qa5+ Kc6 107. Qa6+ Kd7 108. Qe6+ Kd8 109. Qxd5+ Bd6 110. Ke6 Qg6# 0-1


[Site "https://www.chess.com"]

[Event "Titled Tuesday Blitz February 21 Early 2023"]
[White "Urazayev, Arystanbek"]
[Black "Aldokhin, Ivan"]
[WhiteFideId "13709810"]
[BlackFideId "24115720"]
[WhiteElo "2460"]
[BlackElo "2413"]
[Result "1-0"]
[Round "11"]
[TimeControl "180+2"]
[Date "2023.02.21"]
[WhiteClock "0:00:45"]
[BlackClock "0:00:14"]

1. d4 Nf6 2. c4 g6 3. Nc3 Bg7 4. e4 d6 5. Nf3 O-O 6. Be2 Nc6 7. O-O Re8 8. d5 Nb4 9. a3 Na6 10. Rb1 e6 11. b4 exd5 12. exd5 Nb8 13. Bb2 a5 14. Bd3 axb4 15. axb4 Na6 16. Ba1 Nh5 17. h3 Nf4 18. Bc2 Bxc3 19. Kh2 Qf6 20. Qc1 Bxh3 21. Bxc3 Qxc3 22. Qxf4 Bxg2 23. Kxg2 Qxc2 24. Rh1 Qe4 25. Qf6 Qg4+ 26. Kf1 Qxc4+ 27. Kg2 Qg4+ 28. Kf1 Qf5 29. Qxf5 gxf5 30. Nd4 Re4 31. Nxf5 Nxb4 32. Kg2 Nxd5 33. Rxb7 Rf4 34. Ng3 1-0


[Site "https://www.chess.com"]

[Event "Titled Tuesday Blitz February 21 Early 2023"]
[White "Orlov, Georgi"]
[Black "Real_OceanStorm"]
[WhiteFideId "2011271"]
[WhiteElo "2453"]
[BlackElo "2781"]
[Result "0-1"]
[Round "11"]
[TimeControl "180+2"]
[Date "2023.02.21"]
[WhiteClock "0:00:13"]
[BlackClock "0:00:03"]

1. e4 e5 2. Nf3 Nc6 3. Bc4 Nf6 4. d3 Na5 5. Nxe5 Nxc4 6. Nxc4 d5 7. exd5 Qe7+ 8. Ne3 Nxd5 9. O-O Nxe3 10. Bxe3 Be6 11. a4 O-O-O 12. Bxa7 Qb4 13. Be3 Bd6 14. Nc3 Qxb2 15. Nb5 Qe5 16. Nxd6+ Qxd6 17. Qh5 Qc6 18. a5 Rd5 19. Qh4 f6 20. Qg3 Rg8 21. Rfd1 Qa6 22. c4 Rxa5 23. Rxa5 Qxa5 24. Bd4 Qa4 25. Ra1 Qc2 26. h3 Kd7 27. Qf3 b6 28. Ra7 Qc1+ 29. Kh2 Qg5 30. Bxb6 Qe5+ 31. g3 Rc8 32. d4 Qf5 33. Qxf5 Bxf5 34. d5 Kd6 35. Ba5 Bd3 36. Bb4+ Ke5 37. c5 Kxd5 38. Ra4 Rb8 39. Bd2 Kxc5 40. Be3+ Kc6 41. g4 Rb2 42. Kg3 Rb3 43. Rd4 Be2 44. Rd8 Bc4 45. h4 Rb1 46. Rh8 Rg1+ 47. Kf3 Bd5+ 48. Kf4 h6 49. h5 Be6 50. f3 Rd1 51. Re8 Kd7 52. Rh8 Bd5 53. Rh7 Rf1 54. Kf5 Rxf3+ 55. Bf4 Bc6 56. Rxg7+ Kd8 57. Ke6 Rxf4 58. Rg8+ Be8 59. g5 fxg5 60. Rh8 Rd4 61. Kf6 Rd6+ 62. Kg7 g4 63. Rxh6 Rxh6 64. Kxh6 g3 0-1


[Site "https://www.chess.com"]

[Event "Titled Tuesday Blitz February 21 Early 2023"]
[White "Lagno, Kateryna"]
[Black "Cherniaiev, Tykhon"]
[WhiteFideId "14109336"]
[BlackFideId "14182360"]
[WhiteElo "2558"]
[BlackElo "2330"]
[Result "0-1"]
[Round "11"]
[TimeControl "180+2"]
[Date "2023.02.21"]
[WhiteClock "0:00:05"]
[BlackClock "0:00:05"]

1. e4 e5 2. Nf3 Nc6 3. Bb5 Nge7 4. Nc3 a6 5. Be2 Ng6 6. d4 exd4 7. Nxd4 Be7 8. Nf5 Bf6 9. Nd5 d6 10. Nxf6+ Qxf6 11. Ne3 Nf4 12. O-O Nd4 13. Bg4 O-O 14. Kh1 Be6 15. c3 Nc6 16. g3 Ng6 17. Be2 Bh3 18. Nd5 Qe5 19. Re1 Qxe4+ 20. Bf3 Qf5 21. Nxc7 Rac8 22. Be4 Qxf2 23. Be3 Qxb2 24. Rb1 Qxc3 25. Rxb7 Nd8 26. Bd4 Qa5 27. Bb6 Qxa2 28. Ra7 Ne6 29. Nxe6 Bxe6 30. Qxd6 Qc4 31. Qd4 Qxd4 32. Bxd4 Rfe8 33. Bg2 Bc4 34. Rxe8+ Rxe8 35. Kg1 h5 36. Bf3 h4 37. Kf2 hxg3+ 38. Kxg3 Bb5 39. h4 Ne5 40. Bd5 Bc4 41. Bb7 Ng6 42. h5 Ne7 43. Bxa6 Nf5+ 44. Kf4 Bxa6 45. Kxf5 Bd3+ 46. Kg5 f6+ 47. Kh4 Re4+ 48. Kg3 Rxd4 49. Re7 Kh7 50. Kf3 Kh6 51. Ke3 Re4+ 52. Rxe4 Bxe4 0-1


[Site "https://www.chess.com"]

[Event "Titled Tuesday Blitz February 21 Early 2023"]
[White "Ilinca Ilinca, Felix Antonio"]
[Black "Korchmar, Vasiliy"]
[WhiteFideId "54764998"]
[BlackFideId "24131750"]
[WhiteElo "2266"]
[BlackElo "2438"]
[Result "1-0"]
[Round "11"]
[TimeControl "180+2"]
[Date "2023.02.21"]
[WhiteClock "0:01:06"]
[BlackClock "0:00:09"]

1. d4 d5 2. Bg5 Nf6 3. e3 c5 4. Nf3 Nc6 5. c3 e6 6. Nbd2 Be7 7. Bd3 b6 8. Ne5 Nxe5 9. dxe5 Nd7 10. Bxe7 Qxe7 11. f4 Bb7 12. O-O g5 13. Qh5 O-O-O 14. a4 Rhg8 15. a5 gxf4 16. exf4 c4 17. Be2 d4 18. Bf3 Qc5 19. Bxb7+ Kxb7 20. Qf3+ Kb8 21. Ne4 Qd5 22. cxd4 Qxd4+ 23. Kh1 Nc5 24. Nd6 b5 25. Rad1 Qxb2 26. Rb1 Qd4 27. Rxb5+ Kc7 28. Rb7+ 1-0


[Site "https://www.chess.com"]

[Event "Titled Tuesday Blitz February 21 Early 2023"]
[White "Martic, Ivan"]
[Black "Ordekalog"]
[WhiteFideId "929301"]
[WhiteElo "2301"]
[BlackElo "2560"]
[Result "1/2-1/2"]
[Round "11"]
[TimeControl "180+2"]
[Date "2023.02.21"]
[WhiteClock "0:00:10"]
[BlackClock "0:00:07"]

1. e4 d5 2. exd5 Qxd5 3. Nc3 Qa5 4. d4 Nf6 5. Bc4 Bg4 6. Nf3 Nc6 7. h3 Bxf3 8. Qxf3 O-O-O 9. d5 Nd4 10. Qd3 e5 11. O-O Bb4 12. Be3 Kb8 13. a3 Bxc3 14. bxc3 Nc6 15. Rfd1 e4 16. Qd2 Ne5 17. Qd4 Nxc4 18. Qxc4 Rxd5 19. Bd4 Rhd8 20. Rdb1 Ne8 21. Qc6 b6 22. Rb3 Qa6 23. Rab1 Qb7 24. Qc4 Nd6 25. Qe2 g6 26. a4 Nf5 27. Bf6 R8d6 28. Bg5 Nd4 29. cxd4 Rxg5 30. Qe3 Ra5 31. Rb4 Qc6 32. Qb3 Kb7 33. Qxf7 Qxc2 34. Rf1 Rf5 35. Qxh7 Rdf6 36. Qh4 Rf4 37. Qg3 a5 38. Rb3 R6f5 39. Rc3 Qxa4 40. Rfc1 Qd7 41. Qxg6 Rxf2 42. Rxc7+ Qxc7 43. Rxc7+ Kxc7 44. Qg7+ Kc6 45. Qg6+ Kb5 46. Qd6 a4 47. Qd7+ Kb4 48. Qe7+ Kb3 49. Qe6+ Kc2 50. Qxe4+ Kb2 51. Qc6 Rf1+ 52. Kh2 a3 53. Qxb6+ Ka1 54. d5 a2 55. Qd4+ Kb1 56. Qb4+ Kc2 57. Qa4+ Kb2 58. Qb4+ Kc2 59. Qa4+ Kb2 60. Qb4+ Kc2 1/2-1/2


[Site "https://www.chess.com"]

[Event "Titled Tuesday Blitz February 21 Early 2023"]
[White "Zhigalko, Sergei"]
[Black "Aydincelebi, Kagan"]
[WhiteFideId "13502956"]
[BlackFideId "6361102"]
[WhiteElo "2572"]
[BlackElo "2280"]
[Result "0-1"]
[Round "11"]
[TimeControl "180+2"]
[Date "2023.02.21"]
[WhiteClock "0:00:02"]
[BlackClock "0:00:12"]

1. e4 c5 2. c3 d5 3. exd5 Qxd5 4. d4 Nc6 5. Nf3 Bf5 6. Be3 cxd4 7. Nxd4 Nf6 8. Nd2 Nxd4 9. Bxd4 e5 10. Be3 Be7 11. Qa4+ Bd7 12. Qb3 O-O 13. O-O-O Qc6 14. Qc4 Ng4 15. Qxc6 Bxc6 16. Nc4 Nxe3 17. Nxe3 Bc5 18. Rg1 b5 19. Be2 Rad8 20. Bf3 e4 21. Be2 g6 22. b4 Bb6 23. c4 bxc4 24. Bxc4 Kg7 25. Rxd8 Rxd8 26. Rd1 Rc8 27. Kb2 Ba4 28. Bb3 Bb5 29. Rd5 Bd3 30. a4 Rd8 31. a5 Bd4+ 32. Ka3 Rxd5 33. Bxd5 f5 34. g3 Kf6 35. Bg8 h6 36. Kb3 g5 37. Bc4 Bb1 38. b5 Ke5 39. Bf7 f4 40. Ng4+ Kd6 41. gxf4 gxf4 42. Nxh6 Bxf2 43. Ng4 Bh4 44. b6 axb6 45. a6 e3 46. a7 Be4 47. Bg6 Ba8 48. Kc3 e2 0-1


[Site "https://www.chess.com"]